 Dungeon Crawl Stone Soup version 0.30.0-5-g1a98f26d00 (webtiles) character file.

Game seed: 2862182003673550730

11 HeliumTrimp the Shield-Bearer (level 2, 0/25 HPs)
             Began as a Formicid Fighter on May 10, 2023.
             Succumbed to a kobold's poison
             ... on level 1 of the Dungeon.
             The game lasted 00:00:21 (262 turns).

HeliumTrimp the Shield-Bearer (Formicid Fighter)     Turns: 262, Time: 00:00:21

Health: 0/25       AC:  9    Str: 20    XL:     2   Next: 40%
Magic:  2/2        EV:  7    Int:  7    God:
Gold:   7          SH:  5    Dex: 13    Spells: 1/1 levels left

rFire   . . .        a - +0 long sword
rCold   . . .        c - +0 buckler
rNeg    . . .        f - +0 chain mail
rPois   .            (helmet unavailable)
rElec   .            (no cloak)
rCorr   .            (no gloves)
SInv    +            (no boots)
Will    .....        (no amulet) Stlth
                     (no ring)
HPRegen 0.24/turn    (no ring)
MPRegen 0.08/turn

%: no passive effects
@: lethally poisoned (0 -> -18)
A: permanent stasis, dig shafts and tunnels, antennae 3, four strong arms
a: Dig, Shaft Self


You were on level 1 of the Dungeon.
You visited 1 branch of the dungeon, and saw 1 of its levels.

You collected 7 gold pieces.

Inventory:

Hand Weapons
 a - a +0 long sword (weapon)
Armour
 c - a +0 buckler (worn)
 f - a +0 chain mail (worn)
Scrolls
 e - a scroll of identify {unknown}
Potions
 b - a potion of curing {unknown}
 d - 3 potions of might


   Skills:
 + Level 3.7 Fighting
 * Level 2.4 Long Blades
 - Level 3.2 Armour
 - Level 4.0 Shields


You had one spell level left.
You didn't know any spells.
Your spell library was empty.

Dungeon Overview and Level Annotations

Branches:
Dungeon (1/15)

Altars:


Innate Abilities, Weirdness & Mutations

You cannot be hasted, slowed, berserked, paralysed or teleported.
You can dig through walls and to a lower floor.
You have a pair of large antennae on your head. (SInv)
Your four strong arms can wield two-handed weapons with a shield.


Message History

No target in view!
You see here a jackal corpse.
You see here a jackal corpse.
Found a mace.
You see here a +0 mace.
A kobold comes into view. It is wielding a +2 whip of venom.
The kobold shouts!
A kobold is nearby!
A kobold is nearby!
The kobold hits you with a +2 whip of venom.
You are poisoned.
You hit the kobold but do no damage.
You feel sick. The kobold completely misses you.
You hit the kobold.
The kobold is moderately wounded.
You feel sick. You block the kobold's attack.
The kobold hits you with a +2 whip of venom!
You are lethally poisoned!
You are too injured to fight recklessly!
You are too injured to fight recklessly!
You are too injured to fight recklessly!
You are too injured to fight recklessly!
You are too injured to fight recklessly!
You are too injured to fight recklessly!
You are too injured to fight recklessly!
You are too injured to fight recklessly!
There is a lethal amount of poison in your body!
There is a lethal amount of poison in your body!
You closely miss the kobold.
The kobold is moderately wounded.
You feel very sick. The kobold closely misses you.
You closely miss the kobold.
The kobold is moderately wounded.
* * * LOW HITPOINT WARNING * * *
You feel very sick. The kobold hits you but does no damage.
You are more poisoned.
You hit the kobold but do no damage.
You die...

### # ##.##.# ....
############.##
#......)....@K#
#.###............#
#.###.##########.#
#............. #
#######.########
......[........#
#########.##......
.................
.########......#.#.#


You could see a kobold.

Vanquished Creatures
  2 ball pythons (D:1)
  A bat (D:1)
  An endoplasm (D:1)
  A goblin (D:1)
  2 jackals (D:1)
  A quokka (D:1)
  A frilled lizard (D:1)
  A rat (D:1)
10 creatures vanquished.

Notes
Turn   | Place    | Note
-------+----------+-------------------------------------------
     0 | D:1      | HeliumTrimp the Formicid Fighter began the quest for the
                  | Orb.
     0 | D:1      | Reached XP level 1. HP: 18/18 MP: 1/1
   100 | D:1      | Reached XP level 2. HP: 22/24 MP: 2/2
   262 | D:1      | Succumbed to a kobold's poison

Illustrated notes

Levels and vault maps discovered:
D:1:      onia_arrival_pyramid, layout_basic, serial_shops, shop

Action                     || total
---------------------------++-------
  Melee: Long sword        ||    27
 Armour: Scale mail        ||     3
         Chain mail        ||     8
  Dodge: Dodged            ||    14
  Block: Buckler           ||     5
